AoeStats
← InF1caTe

Arabia

510143365Analyzed
1v1 RM · 22h ago on Sep 29, 2026· 52m 1s· 2 players
Game mode
Random Map
Map size
Tiny (2 player)
Population
200
Speed
Normal
Resources
Standard
Victory
Conquest
Starting age
Dark Age
Ending age
Imperial Age
RankedLock teamsTeams togetherTeam positionsShared explorationLock speedFull tech treeHidden civsTurbo modeCheats
Victory
Defeat
🇦🇹 Sicilians · Austria
1009
+16
🇸🇰 Wu · Slovakia
1015
-16
lolo.radler
3:57 Loom
11:27 Feudal Age
14:00 Double-Bit Axe
23:01 Castle Age
24:29 Fletching
25:56 Padded Archer Armor
25:58 Scale Mail Armor
26:10 Forging
25:55 Elite Skirmisher
29:48 Bow Saw
30:07 Chain Mail Armor
29:50 Bodkin Arrow
32:32 Leather Archer Armor
36:52 Wheelbarrow
36:23 Gold Mining
36:24 Stone Mining
37:29 Ballistics
42:57 Imperial Age
41:41 First Crusade
41:15 Horse Collar
44:45 Bracer
45:16 Plate Mail Armor
45:21 Iron Casting
45:39 Stone Shaft Mining
45:43 Gold Shaft Mining
45:04 Elite Serjeant
51:30 Blast Furnace
InF1caTe
3:05 Loom
10:08 Feudal Age
10:09 Man-at-Arms
10:56 Double-Bit Axe
11:08 Horse Collar
20:35 Gold Mining
23:41 Castle Age
24:19 Padded Archer Armor
23:43 Crossbowman
24:36 Heavy Plow
24:47 Bow Saw
25:46 Leather Archer Armor
28:28 Stone Mining
30:31 Wheelbarrow
37:17 Imperial Age
35:13 Hand Cart
36:51 Ballistics
37:17 Gold Shaft Mining
36:31 Town Watch
38:37 Stone Shaft Mining
39:06 Two-Man Saw
38:35 Bloodlines
37:56 Light Cavalry
38:52 Onager
42:40 Conscription
45:05 Scale Mail Armor
44:55 Hussar
Connection lost

Rejoining the realm…

Still unreachable

The connection could not be restored.

Session expired

The server has moved on; the page needs a fresh start.